AoeStats
← 人间留白

Black Forest

508868011Analyzed
4v4 RM · 9d ago on Sep 24, 2026· 40m 33s· 8 players
Game mode
Random Map
Map size
Large (8 player)
Population
200
Speed
Normal
Resources
Standard
Victory
Conquest
Starting age
Dark Age
Ending age
Imperial Age
RankedLock teamsTeams togetherTeam positionsShared explorationLock speedFull tech treeHidden civsTurbo modeCheats
Victory
Defeat
🇮🇩 Danes · Indonesia
864
+12
🇨🇳 Spanish · China
819
+14
🇮🇳 Cumans · India
752
+17
🇨🇳 Ethiopians · China
692
+20
🇨🇳 Wei · China
795
-17
🇨🇳 Bohemians · China
784
-16
🇨🇳 Britons · China
783
-16
🇨🇳 Khmer · China
742
-14
RiSHisOm
2:29 Loom
11:24 Feudal Age
13:04 Wheelbarrow
12:16 Double-Bit Axe
18:51 Castle Age
17:29 Gold Mining
21:04 Fishing Lines
22:55 Horse Collar
25:00 Gold Shaft Mining
25:51 Bow Saw
26:15 Stone Mining
27:11 Hand Cart
28:03 Gillnets
30:15 Heavy Plow
33:21 Imperial Age
32:00 Scale Barding Armor
32:01 Capped Ram
33:42 Elite Steppe Lancer
34:49 Chain Barding Armor
37:22 Two-Man Saw
36:54 Crop Rotation
37:49 Siege Ram
39:12 Plate Barding Armor
ddmgsxis89228
1:10 Loom
12:20 Feudal Age
17:55 Castle Age
17:27 Double-Bit Axe
19:39 Bow Saw
22:13 Wheelbarrow
22:03 Stone Mining
30:19 Imperial Age
29:25 Forging
29:16 Scale Mail Armor
31:05 Hand Cart
31:13 Gold Mining
31:16 Horse Collar
31:54 Caravan
32:01 Elite Varangian Guard
32:34 Gambesons
32:50 Squires
32:36 Arson
33:32 Iron Casting
33:13 Chain Mail Armor
33:50 Heavy Plow
35:35 Blast Furnace
36:46 Plate Mail Armor
37:56 Hamask
37:57 Northmen's Fury
38:33 Onager
yyyyyliber
11:52 Feudal Age
18:59 Castle Age
20:21 Double-Bit Axe
20:19 Horse Collar
22:31 Bow Saw
28:59 Imperial Age
28:44 Padded Archer Armor
28:49 Scale Barding Armor
30:18 Leather Archer Armor
30:06 Elite Conquistador
31:14 Chain Barding Armor
32:09 Ring Archer Armor
33:14 Chemistry
33:27 Thumb Ring
34:24 Plate Barding Armor
35:52 Gold Mining
37:03 Forging
38:03 Two-Man Saw
暗夜惜黎
13:29 Feudal Age
14:25 Horse Collar
14:35 Double-Bit Axe
20:35 Wheelbarrow
23:27 Castle Age
23:15 Gold Mining
24:13 Heavy Plow
24:26 Bow Saw
26:16 Squires
26:20 Town Watch
27:28 Gold Shaft Mining
31:12 Imperial Age
32:58 Chemistry
32:32 Torsion Engines
洛地成河
9:12 Loom
14:15 Feudal Age
16:38 Wheelbarrow
15:58 Double-Bit Axe
22:02 Castle Age
23:39 Bow Saw
23:13 Horse Collar
32:52 Stone Mining
33:00 Gold Mining
36:17 Gold Shaft Mining
36:27 Stone Shaft Mining
39:37 Imperial Age
39:48 Imperial Age
人间留白
0:46 Loom
11:30 Feudal Age
12:09 Double-Bit Axe
12:07 Horse Collar
14:06 Wheelbarrow
13:50 Stone Mining
14:17 Gold Mining
23:35 Castle Age
22:57 Forging
22:49 Scale Mail Armor
24:36 Hand Cart
24:40 Bow Saw
24:49 Fletching
25:00 Padded Archer Armor
26:41 Gold Shaft Mining
30:59 Stone Shaft Mining
33:25 Thumb Ring
33:52 Bloodlines
33:42 Husbandry
34:10 Ballistics
33:52 Bodkin Arrow
34:13 Leather Archer Armor
36:48 Tuntian
39:24 Imperial Age
39:09 Iron Casting
38:42 Scale Barding Armor
39:00 Murder Holes
楠
11:53 Feudal Age
12:26 Double-Bit Axe
16:03 Horse Collar
16:31 Loom
19:24 Castle Age
21:07 Bow Saw
21:10 Heavy Plow
24:08 Wheelbarrow
26:03 Forging
26:20 Scale Mail Armor
28:24 Hand Cart
33:39 Imperial Age
35:33 Conscription
37:13 Padded Archer Armor
38:18 Leather Archer Armor
贪心大宝
12:14 Feudal Age
21:56 Castle Age
20:26 Double-Bit Axe
20:24 Horse Collar
20:38 Stone Mining
21:27 Gold Mining
23:27 Gold Shaft Mining
23:07 Bow Saw
23:00 Heavy Plow
27:46 Gold Shaft Mining
27:16 Fletching
34:42 Imperial Age
32:35 Bodkin Arrow
32:42 Scale Mail Armor
33:22 Wheelbarrow
32:33 Loom
32:55 Pikeman
33:35 Squires
35:47 Conscription
35:29 Warwolf
36:50 Two-Man Saw
Connection lost

Rejoining the realm…

Still unreachable

The connection could not be restored.

Session expired

The server has moved on; the page needs a fresh start.